 Dungeon Crawl Stone Soup version 0.30-a0-760-g5a9884bb7c (webtiles) character file.

Game seed: 14166883399701311020

1918 bande the Cleaver (level 9, -4/55 HPs)
             Began as a Gargoyle Fighter on Feb 12, 2023.
             Slain by a wight
             ... wielding a +0 halberd
              (6 damage)
             ... on level 7 of the Dungeon.
             The game lasted 00:09:45 (5347 turns).

bande the Cleaver (Gargoyle Fighter)                Turns: 5347, Time: 00:09:46

Health: -4/55      AC: 20    Str: 20    XL:     9   Next: 16%
Magic:  9/9        EV:  7    Int:  9    God:
Gold:   290        SH:  5    Dex: 13    Spells: 6/8 levels left

rFire   . . .      SeeInvis .    l - +6 war axe (elec)
rCold   + . .      Faith    .    c - +0 buckler
rNeg    + . .      Spirit   .    o - +0 chain mail
rPois   ∞          Reflect  .    (no helmet)
rElec   +          Harm     .    (no cloak)
rCorr   .          Rampage  .    q - +1 pair of gloves
Will    .....                    b - +0 pair of boots Stlth
                                 (no amulet)
HPRegen 0.29/turn                i - ring of protection from cold
MPRegen 0.11/turn                (no ring)

@: no status effects
A: sickness immunity, AC +6, negative energy resistance 1, electricity
resistance, torment resistance 1, petrification resistance
a: no special abilities


You were on level 7 of the Dungeon.
You visited 1 branch of the dungeon, and saw 7 of its levels.

You collected 407 gold pieces.
You spent 117 gold pieces at shops.

Inventory:

Hand Weapons
 a - a +0 war axe
 l - a +6 war axe of electrocution (weapon)
 m - a +0 flail
Armour
 b - a +0 pair of boots (worn)
 c - a +0 buckler (worn)
 o - a +0 chain mail (worn)
 q - a +1 pair of gloves (worn)
Jewellery
 i - a ring of protection from cold (left hand)
 k - a +6 ring of intelligence
 p - a +4 ring of protection
Scrolls
 e - a scroll of blinking
 f - 2 scrolls of teleportation
 r - a scroll of poison
 s - a scroll of enchant armour
 t - a scroll of identify
 v - a scroll of acquirement {unknown}
 x - a scroll of fear
Potions
 d - 3 potions of might
 g - 2 potions of heal wounds
 h - 2 potions of resistance
 j - 7 potions of curing
 n - a potion of berserk rage {unknown}
 u - a potion of ambrosia {unknown}
 w - a potion of invisibility {unknown}


   Skills:
 + Level 6.0 Fighting
 + Level 8.0 Axes
 + Level 6.5 Armour
 - Level 0.1 Dodging
 + Level 4.5 Shields
 * Level 1.8 Translocations


You had 6 spell levels left.
You knew the following spells:

 Your Spells              Type           Power      Damage    Failure   Level
a - Blink                 Tloc           6%         N/A       98%         2

Your spell library contained the following spells:

 Spells                   Type           Power      Damage    Failure   Level
 Lesser Beckoning         Tloc           6%         N/A       98%         2
 Magic Dart               Conj           0%         1d3       99%         1
 Momentum Strike          Conj/Tloc      2%         3d8       99%         2
 Poisonous Vapours        Pois/Air       0%         N/A       100%        2
 Searing Ray              Conj           0%         2d4       100%        2
 Dazzling Flash           Conj/Hex       0%         N/A       100%        3
 Mephitic Cloud           Conj/Pois/Air  0%         N/A       100%        3
 Fulminant Prism          Conj/Hex       0%         3d5       100%        4
 Agony                    Necr           0%         N/A       100%        5
 Silence                  Hex/Air        0%         N/A       100%        5
 Cigotuvi's Dreadful Rot  Necr/Pois/Air  Unusable   N/A       N/A         2

Dungeon Overview and Level Annotations

Branches:
Dungeon (7/15)
 Temple: D:4-7

Altars:
Qazlal
Ru
Trog

Shops:
D:2 (   D:3 (([?(


Innate Abilities, Weirdness & Mutations

You are immune to sickness and miasma.
Your stone body is resilient. (AC +6)
You are immune to poison.
You resist negative energy. (rN+)
You are resistant to electric shocks. (rElec)
You are resistant to unholy torment.
You are immune to petrification.


Message History

The wight is lightly damaged.
The wight hits you with a +5 great sword!
You barely miss the wight.
The wight is lightly damaged.
You slash the wight!
The wight is almost destroyed.
You hit the wight. The wight hits you with a +0 hand axe.
The wight barely misses you. The wight closely misses you.
The wight hits you from afar with a +0 halberd!
The wight hits you with a +0 falchion. The wight barely misses you.
You are too injured to fight recklessly!
You are too injured to fight recklessly!
You are too injured to fight recklessly!
You are too injured to fight recklessly!
You are too injured to fight recklessly!
You are too injured to fight recklessly!
You are too injured to fight recklessly!
You are too injured to fight recklessly!
Unknown command.
You slash the wight! Lightning courses through the wight!
You destroy the wight!
You slash the wight! Lightning courses through the wight!
You destroy the wight!
You hit the wight but do no damage. Lightning courses through the wight!
You destroy the wight!
The wight hits you from afar with a +0 halberd.
Your Fighting skill increases to level 6!
Your Axes skill increases to level 8!
The wight hits you but does no damage.
Things that are here:
a +0 falchion; a +0 robe A wight comes into view.
It is wielding a +0 long sword.
The wight hits you from afar with a +0 halberd!
* * * LOW HITPOINT WARNING * * *
Unknown command.
The wight hits you with a +0 halberd!
* * * LOW HITPOINT WARNING * * *
You closely miss the wight. The wight hits you but does no damage.
You barely miss the wight. The wight hits you with a +0 halberd.
You die...

#### ... ....
...###### .z...
........######.....
..........#........#
.............z.....+
...>...[....)@.....#
....####....)......#
............)#######
.............#
........##...#
........######
........########
...........#...#
......##...#...#


You could see 2 wights.

Vanquished Creatures
  Prince Ribbit (D:5)
  Sigmund (D:5)
  An ice beast (D:5)
  An ogre (D:4)
  2 phantoms
  2 kobold brigands
  A bullfrog (D:6)
  3 scorpions (D:5)
  3 wights (D:7)
  3 howler monkeys
  3 jellies
  4 hounds
  An orc priest (D:4)
  Crazy Yiuf (D:5)
  An iguana (D:5)
  3 orc wizards
  8 adders
  4 white imps (D:6)
  3 ufetubi (D:5)
  A dart slug (D:4)
  20 orcs
  6 ball pythons
  4 bats
  5 endoplasms
  3 giant cockroaches
  9 hobgoblins
  4 jackals (D:3)
  2 quokkas
  A frilled lizard (D:2)
  13 goblins
  17 kobolds
  4 rats
135 creatures vanquished.

Notes
Turn   | Place    | Note
-------+----------+-------------------------------------------
     0 | D:1      | bande the Gargoyle Fighter began the quest for the Orb.
     0 | D:1      | Reached XP level 1. HP: 14/14 MP: 1/1
   311 | D:1      | Reached XP level 2. HP: 19/19 MP: 2/2
   760 | D:1      | Reached skill level 2 in Axes
  1018 | D:2      | Reached XP level 3. HP: 21/23 MP: 3/3
  1302 | D:2      | Found Duxtauc's Weapon Boutique.
  1716 | D:3      | Found Emeescho's Magic Scroll Shop.
  1730 | D:3      | Found Raohixy's Weapon Boutique.
  1840 | D:3      | Reached XP level 4. HP: 29/29 MP: 4/4
  1845 | D:3      | Found Reat Nown's Antique Armour Boutique.
  1893 | D:3      | Found Cufyqev's Antique Weapon Emporium.
  1896 | D:3      | Bought a glowing war axe for 117 gold pieces
  2053 | D:3      | Found Luttus's Weapon Emporium.
  2714 | D:4      | Reached skill level 3 in Axes
  2714 | D:4      | Reached XP level 5. HP: 33/33 MP: 5/5
  2735 | D:4      | Found a stormy altar of Qazlal.
  2735 | D:4      | Found a bloodstained altar of Trog.
  2864 | D:4      | Reached XP level 6. HP: 38/38 MP: 6/6
  2920 | D:4      | Reached skill level 4 in Axes
  3035 | D:4      | Found a sacrificial altar of Ru.
  3758 | D:5      | Entered Level 5 of the Dungeon
  3761 | D:5      | Noticed Prince Ribbit
  3770 | D:5      | Killed Prince Ribbit
  3771 | D:5      | Reached skill level 5 in Axes
  3771 | D:5      | Reached XP level 7. HP: 12/44 MP: 7/7
  4117 | D:5      | Reached skill level 5 in Armour
  4295 | D:5      | Noticed Sigmund
  4303 | D:5      | Killed Sigmund
  4304 | D:5      | Reached skill level 5 in Fighting
  4304 | D:5      | Reached skill level 6 in Axes
  4304 | D:5      | Reached XP level 8. HP: 49/49 MP: 8/8
  4541 | D:5      | Reached skill level 7 in Axes
  4684 | D:5      | Found a runed translucent door.
  4685 | D:5      | Noticed Crazy Yiuf
  4691 | D:5      | Killed Crazy Yiuf
  4833 | D:6      | Learned a level 2 spell: Blink
  5042 | D:6      | Reached skill level 1 in Translocations
  5267 | D:7      | Reached XP level 9. HP: 51/55 MP: 9/9
  5343 | D:7      | Reached skill level 8 in Axes
  5345 | D:7      | HP: 1/55 [wight/+0 halberd (9)]
  5347 | D:7      | Slain by a wight

Illustrated notes

Levels and vault maps discovered:
D:1:      lightli_arrival_quake, layout_basic
D:2:      layout_basic, serial_shops, nicolae_shop_waterfront
D:3:      layout_basic, serial_shops, nicolae_shop_overgrown_old_shop, shop,
          nicolae_shop_stone, nicolae_shop_trees, nicolae_shop_behind_doors
D:4:      layout_loops_corners, mainiacjoe_overflow_boulevard,
          jmf_multi_god_temple
D:5:      corexii_shack_village, layout_rooms, uniq_prince_ribbit1,
          uniq_sigmund, uniq_crazy_yiuf_cottage
D:6:      minmay_recursive_quarters, layout_loops_cross,
          minmay_temple_entry_tees
D:7:      layout_basic, kennysheep_cross_bottleneck,
          nicolae_nh_oracle_at_delphi, uniq_menkaure, uniq_duvessa

Skill      XL: |  1  2  3  4  5  6  7  8  9 |
---------------+----------------------------+-----
Axes           | 2 3 5 6 7 8 |  8.0
Fighting       | 4 5 6 |  6.0
Armour         | 4 5 6 |  6.5
Shields        | 4 |  4.5
Translocations | 1 |  1.8
Dodging        | |  0.1

Action                     |  1- 3 |  4- 6 |  7- 9 || total
---------------------------+-------+-------+-------++-------
  Melee: War axe           |    91 |    90 |   131 ||   312
    Use: Scroll            |     6 |     4 |     2 ||    12
 Armour: Scale mail        |    51 |    25 |       ||    76
         Chain mail        |       |     3 |    85 ||    88
  Dodge: Dodged            |    52 |    48 |    29 ||   129
  Block: Buckler           |    20 |    13 |    18 ||    51

Table legend: (Time is in decaauts)
 A = Elapsed time spent in this place.
 B = Non-inter-level travel time spent in this place.
 C = Inter-level travel time spent in this place.
 D = Time resting spent in this place.
 E = Time spent auto-exploring this place.
 F = Levels seen in this place.
 G = Mean time per level.
                   A        B        C        D        E       F      G
               +--------+--------+--------+--------+--------+-----+--------+
         Total |   5443 |   5286 |    157 |    452 |   3859 |   7 |  777.6 |
       Dungeon |   5443 |   5286 |    157 |    452 |   3859 |   7 |  777.6 |
               +--------+--------+--------+--------+--------+-----+--------+

Top non-repeatable levels by time:
     D:4: 1104 daAuts
     D:3: 1011 daAuts
     D:1: 1008 daAuts
     D:5: 1007 daAuts
     D:2: 703 daAuts
     D:6: 486 daAuts
     D:7: 121 daAuts
